[Event "Titled Tuesday Blitz November 29 Late 2022"]
[White "Jaracz, Pawel"]
[Black "Olafsson, Helgi"]
[WhiteFideId "1102222"]
[BlackFideId "2300010"]
[WhiteElo "2459"]
[BlackElo "2463"]
[Result "1-0"]
[Round "11"]
[TimeControl "180+1"]
[Date "2022.11.30"]
[WhiteClock "0:01:01"]
[BlackClock "0:00:38"]

1. e4 c5 2. Nf3 e6 3. d4 cxd4 4. Nxd4 a6 5. c4 Nf6 6. Nc3 Bb4 7. Qf3 d6 8. Bd2 Nbd7 9. Qe2 O-O 10. O-O-O Qc7 11. Kb1 Ne5 12. f4 Nc6 13. Nc2 Bxc3 14. Bxc3 e5 15. f5 b5 16. g4 Bb7 17. Bg2 bxc4 18. g5 Nd7 19. f6 g6 20. h4 Nc5 21. h5 Ne6 22. hxg6 fxg6 23. Qxc4 Rae8 24. Bh3 Bc8 25. Ne3 Nd4 26. Rxd4 exd4 27. Bxe6+ 1-0


[Site "https://www.chess.com"]

[Event "Titled Tuesday Blitz November 29 Late 2022"]
[White "Kamsky, Gata"]
[Black "Bluebaum, Matthias"]
[WhiteFideId "2000024"]
[BlackFideId "24651516"]
[WhiteElo "2666"]
[BlackElo "2633"]
[Result "1-0"]
[Round "11"]
[TimeControl "180+1"]
[Date "2022.11.30"]
[WhiteClock "0:00:34"]
[BlackClock "0:00:25"]

1. d4 Nf6 2. Bf4 d5 3. e3 c5 4. c3 Nc6 5. Nd2 Bf5 6. Ngf3 e6 7. Bb5 Qb6 8. Qa4 Nd7 9. e4 dxe4 10. Nc4 Qd8 11. Nfe5 a6 12. Bxc6 bxc6 13. Nxc6 Qc8 14. N6e5 f6 15. Nb6 fxe5 16. Nxc8 exf4 17. Nb6 Rd8 18. dxc5 Ke7 19. O-O-O Nxc5 20. Qb4 Kf7 21. Rxd8 Nd3+ 22. Rxd3 Bxb4 23. Rd7+ Be7 24. Nc4 Kf6 25. Nd6 Bg6 26. Re1 Bxd6 27. Rxd6 Ra8 28. b4 Bf5 29. Kb2 g5 30. c4 a5 31. b5 Ke5 32. c5 Rc8 33. Rc1 e3 34. fxe3 fxe3 35. Rd7 Be4 36. c6 Rb8 37. a4 e2 38. c7 Rc8 39. b6 Kf4 40. Rd8 Bb7 41. Kc3 Ke3 42. Kc4 Kf2 43. g3 e5 44. Kb5 e4 45. Rxc8 Bxc8 46. Kc6 e1=Q 47. Rxe1 Kxe1 48. b7 Bg4 49. c8=Q e3 50. Qxg4 Kf2 51. Qe4 h5 52. b8=Q h4 53. Qb2+ e2 54. Qexe2+ Kg1 55. gxh4 g4 56. h5 g3 57. hxg3 Kh1 58. g4 Kg1 59. g5 Kh1 60. g6 Kg1 61. h6 Kh1 62. g7 Kg1 63. h7 Kh1 64. Kb5 Kg1 65. Kxa5 Kh1 66. Kb5 Kg1 67. a5 Kh1 68. a6 Kg1 69. a7 Kh1 70. g8=N Kg1 71. h8=N Kh1 72. a8=N Kg1 73. Nc7 Kh1 74. Ng6 Kg1 75. Nf6 Kh1 76. Ne6 Kg1 77. Ng5 Kh1 78. Nh5 Kg1 79. Ngf4 Kh1 80. Ne4 Kg1 81. Nhf6 Kh1 82. Ng4 Kg1 83. Ne5 Kh1 84. Ng3+ Kg1 85. Nf3# 1-0


[Site "https://www.chess.com"]

[Event "Titled Tuesday Blitz November 29 Late 2022"]
[White "Keymer, Vincent"]
[Black "Pranav, V"]
[WhiteFideId "12940690"]
[BlackFideId "25060783"]
[WhiteElo "2600"]
[BlackElo "2430"]
[Result "0-1"]
[Round "11"]
[TimeControl "180+1"]
[Date "2022.11.30"]
[WhiteClock "0:00:07"]
[BlackClock "0:00:45"]

1. Nf3 Nf6 2. c4 g6 3. Nc3 Bg7 4. g3 O-O 5. Bg2 d6 6. d4 Nc6 7. d5 Na5 8. b3 c5 9. Bb2 a6 10. O-O Rb8 11. a4 Ne4 12. Rc1 Nxc3 13. Bxc3 Bxc3 14. Rxc3 b5 15. axb5 axb5 16. Qd2 bxc4 17. bxc4 e5 18. dxe6 Bxe6 19. Qh6 f6 20. Bh3 Qd7 21. Bxe6+ Qxe6 22. Re3 Qxc4 23. Rd1 Rbd8 24. Re7 Rf7 25. Qe3 Kf8 26. Re6 Nb7 27. Re4 Qc2 28. Rd3 d5 29. Re6 Kg7 30. g4 Qc4 31. h3 d4 32. Qe4 Nd6 33. Rxd6 Rxd6 34. g5 Re6 35. Qh4 Rxe2 36. Ra3 Qc1+ 37. Kg2 Qxa3 0-1


[Site "https://www.chess.com"]

[Event "Titled Tuesday Blitz November 29 Late 2022"]
[White "Kim, Sergey"]
[Black "Iinuma, Paul Y"]
[WhiteFideId "13700570"]
[BlackFideId "2031809"]
[WhiteElo "2593"]
[BlackElo "2066"]
[Result "1-0"]
[Round "11"]
[TimeControl "180+1"]
[Date "2022.11.30"]
[WhiteClock "0:00:29"]
[BlackClock "0:00:05"]

1. d4 Nf6 2. c4 g6 3. Nc3 Bg7 4. e4 d6 5. Nge2 O-O 6. Ng3 e5 7. d5 a5 8. Be2 Na6 9. O-O Nc5 10. Be3 Ne8 11. Qd2 f5 12. f4 g5 13. Nxf5 Bxf5 14. exf5 exf4 15. Bxc5 dxc5 16. g4 fxg3 17. hxg3 Nd6 18. Bd3 Be5 19. Kg2 Qf6 20. Rae1 Rae8 21. Ne4 Nxe4 22. Rxe4 Bxb2 23. Re6 Qg7 24. Qe2 Rd8 25. Re7 Qf6 26. Re6 Qf7 27. f6 Bd4 28. Rh1 Rd7 29. Rxh7 Qxh7 30. Bxh7+ Rxh7 31. Qe4 Rh6 32. f7+ Kg7 33. Rxh6 Kxh6 34. Qf5 b6 35. a4 Kg7 36. Qxg5+ Kxf7 37. Qf4+ Kg6 38. Qxc7 Rf2+ 39. Kh3 Rf6 40. Kg4 Kh6 41. Qe7 Rg6+ 42. Kh3 Bf6 43. Qe8 Bg7 44. Qe3+ Kh7 45. Qe4 Bd4 46. d6 Bf6 47. d7 Kg7 48. Qe6 Rh6+ 49. Kg2 Rh8 50. Qxb6 Bd8 51. Qxc5 Rf8 52. Qd4+ Kf7 53. c5 Ke7 54. Qd6+ Kf7 55. c6 Be7 56. Qd5+ Kf6 57. c7 Rg8 58. c8=Q Bd8 59. Qc3+ 1-0


[Site "https://www.chess.com"]

[Event "Titled Tuesday Blitz November 29 Late 2022"]
[White "Kleiman, Jake"]
[Black "Rorrer, Grayson"]
[WhiteFideId "2020041"]
[BlackFideId "30944996"]
[WhiteElo "2621"]
[BlackElo "2130"]
[Result "0-1"]
[Round "11"]
[TimeControl "180+1"]
[Date "2022.11.30"]
[WhiteClock "0:00:09"]
[BlackClock "0:00:21"]

1. e4 c5 2. c3 d5 3. exd5 Qxd5 4. d4 Nf6 5. Nf3 Bg4 6. Nbd2 Nc6 7. Bc4 Bxf3 8. Qb3 Na5 9. Qb5+ Qd7 10. Nxf3 Nxc4 11. Qxc4 cxd4 12. Nxd4 g6 13. O-O Bg7 14. Bg5 O-O 15. Rad1 Rac8 16. Qe2 a6 17. Rfe1 e6 18. Nf5 Qc7 19. Nxg7 Kxg7 20. Qf3 Ng8 21. Bf4 Qc6 22. Qxc6 Rxc6 23. Rd7 Rb6 24. b3 Nh6 25. Be3 Rc6 26. Rxb7 Nf5 27. c4 Rd8 28. g3 Nxe3 29. Rxe3 Rd2 30. a4 Rc2 31. h4 Rd6 32. Kg2 Kg8 33. Rf3 f5 34. a5 e5 35. g4 e4 36. Rf4 e3 37. Re7 exf2 38. Rxf2 Rxf2+ 39. Kxf2 fxg4 40. b4 Rd2+ 41. Kg3 Rd3+ 42. Kf4 g3 43. Re2 Rd4+ 44. Kxg3 Rxc4 45. Rb2 Rc3+ 46. Kg4 h5+ 47. Kf4 Rc4+ 48. Kg5 Kg7 49. Rg2 Rxb4 50. Rg1 Rb5+ 51. Kf4 Rxa5 52. Rd1 Rf5+ 53. Kg3 a5 54. Rd6 Rf6 55. Rd7+ Rf7 56. Rd6 Ra7 57. Kf4 a4 58. Kg5 Ra5+ 59. Kf4 a3 0-1


[Site "https://www.chess.com"]

[Event "Titled Tuesday Blitz November 29 Late 2022"]
[White "Kobo, Ori"]
[Black "Kuzmicz, Krystian"]
[WhiteFideId "2812320"]
[BlackFideId "1119125"]
[WhiteElo "2447"]
[BlackElo "2380"]
[Result "1/2-1/2"]
[Round "11"]
[TimeControl "180+1"]
[Date "2022.11.30"]
[WhiteClock "0:00:02"]
[BlackClock "0:00:35"]

1. Nf3 c5 2. c4 g6 3. d4 cxd4 4. Nxd4 Nc6 5. e4 Nf6 6. Nc3 d6 7. Be2 Nxd4 8. Qxd4 Bg7 9. Be3 O-O 10. Qd2 a5 11. O-O a4 12. Rad1 Qa5 13. Bd4 Be6 14. f4 Rfc8 15. b3 axb3 16. axb3 Qb4 17. f5 Bd7 18. Bxf6 Bxf6 19. Nd5 Qxb3 20. fxg6 hxg6 21. Rxf6 exf6 22. Nxf6+ Kg7 23. Nxd7 Ra2 24. Qd4+ Kg8 25. Nf6+ Kf8 26. Bf1 Qb2 27. Qxd6+ Kg7 28. Ng4 Re8 29. e5 Re6 30. Qd8 Ra1 31. Rxa1 Qxa1 32. h3 Qe1 33. Qg5 Kf8 34. Qd8+ Kg7 35. Qg5 Kf8 36. Qh6+ Ke7 37. Qf4 Ra6 38. Kh2 Ra1 39. Qf6+ Ke8 40. Qh8+ Ke7 41. Qf6+ Ke8 42. Qh8+ Ke7 43. Qf6+ 1/2-1/2


[Site "https://www.chess.com"]

[Event "Titled Tuesday Blitz November 29 Late 2022"]
[White "Kovacevic, Radmila"]
[Black "Young, Ryan"]
[WhiteFideId "933171"]
[BlackFideId "2049945"]
[WhiteElo "2208"]
[BlackElo "2260"]
[Result "0-1"]
[Round "11"]
[TimeControl "180+1"]
[Date "2022.11.30"]
[WhiteClock "0:00:01"]
[BlackClock "0:00:22"]

1. e4 c5 2. Be2 e6 3. f4 d5 4. d3 Nc6 5. Nf3 Nf6 6. e5 Nd7 7. O-O Be7 8. Kh1 f6 9. c4 dxc4 10. dxc4 fxe5 11. Ng5 Nf6 12. Bh5+ g6 13. Bf3 Qxd1 14. Rxd1 h6 15. Bxc6+ bxc6 16. Nf3 e4 17. Ne5 Rg8 18. Nc3 Bb7 19. Be3 Rd8 20. Na4 g5 21. fxg5 hxg5 22. Bxc5 Ba8 23. g4 Bxc5 24. Nxc5 Ke7 25. Kg2 Rxd1 26. Rxd1 Rd8 27. Rxd8 Kxd8 28. Kf2 Ke7 29. b4 Ne8 30. Ke3 Nc7 31. Nxe4 Bb7 32. Nxg5 c5 33. b5 Ne8 34. Ne4 Bxe4 35. Kxe4 Nf6+ 36. Kd3 Kd6 37. g5 Nh5 38. Nf7+ Ke7 39. Nh6 e5 40. Ke4 Ke6 41. g6 Nf6+ 42. Kf3 Nh5 43. Kg4 Ng7 44. h4 e4 0-1


[Site "https://www.chess.com"]

[Event "Titled Tuesday Blitz November 29 Late 2022"]
[White "Leebit02"]
[Black "Mickiewicz, Piotr"]
[BlackFideId "1114891"]
[WhiteElo "2313"]
[BlackElo "2246"]
[Result "1-0"]
[Round "11"]
[TimeControl "180+1"]
[Date "2022.11.30"]
[WhiteClock "0:00:17"]
[BlackClock "0:00:03"]

1. e4 b6 2. d4 Bb7 3. Bd3 e6 4. Qe2 d6 5. c3 a6 6. Nf3 Nd7 7. Be3 g6 8. h4 h6 9. Nbd2 Ne7 10. h5 g5 11. Nh2 Bg7 12. g3 c5 13. f4 cxd4 14. cxd4 Nf5 15. Qf2 Nxe3 16. Qxe3 gxf4 17. Qxf4 Bxd4 18. Rf1 Ne5 19. Ke2 Qg5 20. Ndf3 Qxf4 21. gxf4 Nxd3 22. Kxd3 Bf6 23. Rf2 Ke7 24. Rg1 Rhg8 25. Ng4 Bg7 26. Rfg2 Rgc8 27. Ne3 Bf8 28. Nd4 b5 29. Rg8 Rc5 30. Rh8 Rxh5 31. f5 Rh4 32. Rg4 Rxg4 33. Nxg4 Bg7 34. Rh7 Bxd4 35. Kxd4 e5+ 36. Ke3 Rg8 37. Nxh6 Rg3+ 38. Kf2 Rg5 39. Rxf7+ Ke8 40. Rxb7 Rh5 41. Nf7 Rh2+ 42. Kg3 Rxb2 43. Nxd6+ Kd8 44. f6 Rxa2 45. f7 Ra3+ 46. Kg4 Rg3+ 47. Kxg3 a5 48. f8=Q# 1-0


[Site "https://www.chess.com"]

[Event "Titled Tuesday Blitz November 29 Late 2022"]
[White "Leitao, Rafael"]
[Black "Gubajdullin, Alexei"]
[WhiteFideId "2101246"]
[BlackFideId "4141202"]
[WhiteElo "2609"]
[BlackElo "2230"]
[Result "0-1"]
[Round "11"]
[TimeControl "180+1"]
[Date "2022.11.30"]
[WhiteClock "0:00:30"]
[BlackClock "0:01:07"]

1. c4 Nf6 2. Nc3 c6 3. e4 d5 4. exd5 cxd5 5. d4 e6 6. Nf3 Bb4 7. Bd3 O-O 8. O-O dxc4 9. Bxc4 b6 10. Qe2 Bb7 11. Rd1 h6 12. Ne5 Nc6 13. Be3 Ne7 14. a3 Bd6 15. Bf4 Rc8 16. Rac1 Nfd5 17. Bg3 Nxc3 18. bxc3 Nf5 19. Ba2 Bxa3 20. Rc2 Bd5 21. c4 Bb7 22. Qd3 Bd6 23. Bf4 Qh4 24. g3 Qh3 25. f3 g5 26. Be3 Bxe5 27. dxe5 Bxf3 28. Rf1 Rfd8 29. Qa3 Nxg3 30. Rxf3 Rd1+ 0-1


[Site "https://www.chess.com"]

[Event "Titled Tuesday Blitz November 29 Late 2022"]
[White "Lewtak, Damian"]
[Black "Khandelwal, Ankush"]
[WhiteFideId "1141724"]
[BlackFideId "413470"]
[WhiteElo "2329"]
[BlackElo "2271"]
[Result "1-0"]
[Round "11"]
[TimeControl "180+1"]
[Date "2022.11.30"]
[WhiteClock "0:00:34"]
[BlackClock "0:00:08"]

1. e4 c5 2. Nf3 d6 3. Bb5+ Nd7 4. O-O a6 5. Bd3 Ngf6 6. c4 g6 7. Nc3 Bg7 8. Re1 O-O 9. Bf1 Rb8 10. d4 cxd4 11. Nxd4 Qc7 12. Nd5 Nxd5 13. cxd5 Qb6 14. Nb3 Nc5 15. Be3 Bd7 16. Nxc5 dxc5 17. Rb1 Rbc8 18. b4 Rb8 19. Bxc5 Qd8 20. e5 Bf5 21. Rc1 b6 22. Be3 Bxe5 23. Bxa6 b5 24. Bh6 Bg7 25. Bxg7 Kxg7 26. Qd4+ Kg8 27. a4 bxa4 28. b5 a3 29. Ra1 Qd6 30. Re3 Rfd8 31. g4 Bc8 32. Raxa3 Qxd5 33. Qxd5 Rxd5 34. Bxc8 Rxc8 35. Rab3 Rb8 36. Rxe7 Rdxb5 37. Rf3 Rf8 38. h3 Kg7 39. Kg2 Rb6 40. g5 Rb5 41. h4 Kg8 42. Kg3 Rb4 43. Rf6 Rd4 44. f4 Ra4 45. h5 gxh5 46. Kh4 Ra1 47. Kxh5 Rh1+ 48. Kg4 Rg1+ 49. Kf5 Ra1 50. Rc6 Ra5+ 51. Kg4 Kg7 52. Rcc7 Ra4 53. Rb7 Rc4 54. Rb6 Ra4 55. Rb5 Rc4 56. Rf5 Ra4 57. Rb5 Rc4 58. Kg3 Ra4 59. f5 Ra3+ 60. Kg4 Ra4+ 61. Kh5 Ra1 62. f6+ Kg8 63. Rbe5 Rh1+ 64. Kg4 Rg1+ 65. Kf3 Rf1+ 66. Kg2 Ra1 67. Re8 Ra2+ 68. Kg3 Ra3+ 69. Kg4 Ra4+ 70. Kh5 Ra1 71. Rxf8+ Kxf8 72. Rb5 Rh1+ 73. Kg4 Ke8 74. Rb8+ Kd7 75. Rf8 Ke6 76. Re8+ Kd5 77. Re7 Rg1+ 78. Kf4 Rf1+ 79. Ke3 Re1+ 80. Kf2 Rh1 81. Rxf7 Rh5 82. Rg7 Ke6 83. Kg3 h6 84. f7 Ke7 85. g6 Kf8 86. Rg8+ 1-0


[Site "https://www.chess.com"]

[Event "Titled Tuesday Blitz November 29 Late 2022"]
[White "Maksimovic, Bojan"]
[Black "Abasov, Nijat"]
[WhiteFideId "14408120"]
[BlackFideId "13402960"]
[WhiteElo "2447"]
[BlackElo "2546"]
[Result "0-1"]
[Round "11"]
[TimeControl "180+1"]
[Date "2022.11.30"]
[WhiteClock "0:00:01"]
[BlackClock "0:00:10"]

1. e4 c5 2. Nf3 e6 3. d4 cxd4 4. Nxd4 Nc6 5. Nc3 Nf6 6. Ndb5 Bc5 7. Bf4 O-O 8. Bc7 Qe7 9. Bd6 Bxd6 10. Qxd6 Qd8 11. O-O-O a6 12. Nd4 Ne7 13. h4 b5 14. h5 h6 15. a3 Bb7 16. f3 Rc8 17. Nb3 Rc7 18. g4 Qc8 19. Qd2 d5 20. Bd3 dxe4 21. Nxe4 Nxe4 22. Bxe4 Bxe4 23. fxe4 f6 24. e5 Nd5 25. exf6 Rxf6 26. Kb1 Rf4 27. Rhe1 Rxg4 28. Nd4 Nf4 29. Re4 e5 30. Rxe5 Rd7 31. Re4 Qf8 32. Rde1 Rf7 33. Re8 Nxh5 34. Rxf8+ Rxf8 35. Ne6 Re8 36. Nc7 Rxe1+ 37. Qxe1 Nf6 38. Qe6+ Kh8 39. Ne8 Re4 40. Qxa6 Rxe8 41. Qxb5 h5 42. a4 Kh7 43. a5 Kh6 44. b4 h4 45. Qf5 Rd8 46. Kb2 Rd5 47. Qf4+ Kh5 48. c4 Rg5 49. b5 h3 50. a6 Rg4 0-1


[Site "https://www.chess.com"]

[Event "Titled Tuesday Blitz November 29 Late 2022"]
[White "Marcolino, Daniel Mattos"]
[Black "Rios Escobar, Adan"]
[WhiteFideId "2106841"]
[BlackFideId "3403645"]
[WhiteElo "2138"]
[BlackElo "2298"]
[Result "1-0"]
[Round "11"]
[TimeControl "180+1"]
[Date "2022.11.30"]
[WhiteClock "0:00:04"]
[BlackClock "0:00:01"]

1. d4 Nf6 2. Nf3 g6 3. g3 Bg7 4. Bg2 O-O 5. O-O c5 6. dxc5 Na6 7. Be3 Qc7 8. Nc3 Ng4 9. Bd4 e5 10. Nd5 Qd8 11. Bc3 Re8 12. h3 Nh6 13. b4 b6 14. cxb6 axb6 15. Qd2 Nf5 16. Ng5 Ra7 17. Ne4 d6 18. Rfd1 Nc7 19. Nxb6 Nb5 20. Nxc8 Qxc8 21. Bb2 Rc7 22. c3 Rd8 23. a4 Na7 24. b5 d5 25. Ng5 Rcd7 26. b6 Nc6 27. a5 d4 28. cxd4 Ncxd4 29. Bxd4 Nxd4 30. Qa2 Qa6 31. e3 Ne2+ 32. Kh2 h6 33. Rxd7 Rxd7 34. Ne4 Bf8 35. Re1 Nc3 36. Nxc3 Kg7 37. Ne4 f6 38. Rc1 1-0


[Site "https://www.chess.com"]

[Event "Titled Tuesday Blitz November 29 Late 2022"]
[White "Nakamura, Hikaru"]
[Black "Fedoseev, Vladimir"]
[WhiteFideId "2016192"]
[BlackFideId "24130737"]
[WhiteElo "2909"]
[BlackElo "2726"]
[Result "0-1"]
[Round "11"]
[TimeControl "180+1"]
[Date "2022.11.30"]
[WhiteClock "0:00:09"]
[BlackClock "0:00:15"]

1. Nf3 d5 2. e3 c5 3. b3 a6 4. Bb2 Nc6 5. d4 Nf6 6. Nbd2 Bg4 7. h3 Bh5 8. a3 cxd4 9. exd4 e6 10. Bd3 Bd6 11. O-O Qc7 12. Re1 O-O 13. c4 Bf4 14. Qc2 Rad8 15. cxd5 Rxd5 16. Ne5 Nxe5 17. Qxc7 Nf3+ 18. Nxf3 Bxc7 19. Ne5 Bb6 20. Bc4 Rd6 21. g4 Bg6 22. h4 Bxd4 23. Bxd4 Rxd4 24. h5 Be4 25. g5 Nxh5 26. Rac1 b5 27. Bf1 Bd5 28. b4 Rh4 29. Bg2 Bxg2 30. Kxg2 Nf4+ 31. Kg3 f6 32. Nd7 fxg5 33. Nxf8 Kxf8 34. Rh1 Ne2+ 35. Kf3 Nxc1 36. Rxc1 Rc4 0-1


[Site "https://www.chess.com"]

[Event "Titled Tuesday Blitz November 29 Late 2022"]
[White "Nasuta, Grzegorz"]
[Black "Souleidis, Georgios"]
[WhiteFideId "1141686"]
[BlackFideId "4206827"]
[WhiteElo "2440"]
[BlackElo "2401"]
[Result "1-0"]
[Round "11"]
[TimeControl "180+1"]
[Date "2022.11.30"]
[WhiteClock "0:00:17"]
[BlackClock "0:00:35"]

1. e4 c5 2. Nf3 e6 3. d4 cxd4 4. Nxd4 Nf6 5. Nc3 Nc6 6. a3 Be7 7. Nxc6 bxc6 8. e5 Nd5 9. Qg4 g6 10. Qg3 d6 11. Ne4 dxe5 12. c4 Nf4 13. Qc3 f6 14. g3 Nh5 15. g4 Ng7 16. Bh6 O-O 17. c5 Qd4 18. Nd6 Bxd6 19. Qxd4 exd4 20. cxd6 e5 21. Bg2 Bxg4 22. Rc1 Bd7 23. Bxc6 Bxc6 24. Rxc6 Rac8 25. Ra6 Rfd8 26. Bxg7 Kxg7 27. Kd2 Rd7 28. b4 Kf7 29. Rc1 Rxc1 30. Kxc1 Ke6 31. b5 Kd5 32. a4 Kc5 33. Kd2 e4 34. Rc6+ Kd5 35. a5 f5 36. a6 f4 37. Rc7 Kxd6 38. Rxd7+ Kxd7 39. b6 1-0


[Site "https://www.chess.com"]

[Event "Titled Tuesday Blitz November 29 Late 2022"]
[White "Necromon"]
[Black "Aldokhin, Ivan"]
[BlackFideId "24115720"]
[WhiteElo "2485"]
[BlackElo "2313"]
[Result "0-1"]
[Round "11"]
[TimeControl "180+1"]
[Date "2022.11.30"]
[WhiteClock "0:01:08"]
[BlackClock "0:00:20"]

1. Nf3 Nf6 2. g3 g6 3. Bg2 Bg7 4. O-O O-O 5. b3 d6 6. Bb2 c5 7. c4 Nc6 8. d4 cxd4 9. Nxd4 Nxd4 10. Qxd4 Ne8 11. Qd2 Bxb2 12. Qxb2 Nf6 13. Nc3 Qb6 14. Rad1 Bd7 15. Rfe1 a5 16. e4 Bc6 17. e5 dxe5 18. Rxe5 Bxg2 19. Kxg2 e6 20. Nb5 Rfd8 21. Ree1 Ng4 22. Qe2 h5 23. Qf3 a4 24. h3 Nh6 25. Qf4 Nf5 26. g4 Qc6+ 27. Kh2 Nh4 28. Rxd8+ Rxd8 29. Qf6 Qg2# 0-1


[Site "https://www.chess.com"]

[Event "Titled Tuesday Blitz November 29 Late 2022"]
[White "Preotu, Razvan"]
[Black "Nugumanov, Bakhtiyar"]
[WhiteFideId "2613280"]
[BlackFideId "13701797"]
[WhiteElo "2407"]
[BlackElo "2287"]
[Result "1/2-1/2"]
[Round "11"]
[TimeControl "180+1"]
[Date "2022.11.30"]
[WhiteClock "0:00:03"]
[BlackClock "0:00:13"]

1. e4 c6 2. Nc3 d5 3. Nf3 Nf6 4. e5 Ne4 5. Ne2 Qb6 6. d4 e6 7. Ng3 c5 8. Bd3 Nxg3 9. fxg3 Nc6 10. O-O cxd4 11. a3 Be7 12. Qe2 h6 13. b4 a6 14. Bd2 Bd7 15. Rab1 Na7 16. Qf2 Nb5 17. a4 Na3 18. a5 Qc7 19. Nxd4 O-O 20. Rbe1 Nc4 21. g4 Nxd2 22. Qxd2 Bg5 23. Qf2 f6 24. Qg3 fxe5 25. Rxe5 Rxf1+ 26. Bxf1 Bf6 27. Nf3 Bxe5 28. Nxe5 Bb5 29. Bxb5 axb5 30. c3 Rf8 31. h3 Rc8 32. Qf4 Rf8 33. Qd4 Qd8 34. Nf3 Qf6 35. Qb6 Qxc3 36. Qxe6+ Kh8 37. Qxd5 Qc1+ 38. Kh2 Qf4+ 39. Kh1 Qxb4 40. g5 Qb1+ 41. Kh2 Qf5 42. Qxb7 Qf4+ 43. Kh1 Qc1+ 44. Kh2 Qf4+ 45. Kh1 hxg5 46. Qxb5 Qc1+ 47. Kh2 Qf4+ 48. Kh1 Qc1+ 49. Kh2 Qc7+ 50. Kh1 Qc1+ 1/2-1/2


[Site "https://www.chess.com"]

[Event "Titled Tuesday Blitz November 29 Late 2022"]
[White "Prohorov, Olexandr"]
[Black "Adewumi, Tanitoluwa"]
[WhiteFideId "14105578"]
[BlackFideId "30966396"]
[WhiteElo "1993"]
[BlackElo "2534"]
[Result "1-0"]
[Round "11"]
[TimeControl "180+1"]
[Date "2022.11.30"]
[WhiteClock "0:00:49"]
[BlackClock "0:00:01"]

1. d4 Nf6 2. Nf3 e6 3. Bg5 h6 4. Bxf6 Qxf6 5. e4 d6 6. Nc3 g6 7. Qd2 Bg7 8. Be2 O-O 9. O-O Nc6 10. Rad1 a6 11. Rfe1 b5 12. a3 Bb7 13. h3 Rad8 14. Bf1 Qe7 15. Qe3 Rfe8 16. g3 e5 17. d5 Nd4 18. Rd2 h5 19. Bg2 Nxf3+ 20. Bxf3 Kh7 21. Rde2 Bh6 22. Qd3 Bc8 23. Kh2 Qd7 24. Bg2 Qe7 25. b4 Qf6 26. a4 bxa4 27. Nxa4 Bd7 28. Nb2 Bb5 29. c4 Bd7 30. Nd1 h4 31. g4 Bf4+ 32. Kg1 c6 33. Ne3 c5 34. bxc5 dxc5 35. Ra2 Ra8 36. Rea1 Qd6 37. Ra5 Reb8 38. Qa3 Rc8 39. Bf1 Qf6 40. Be2 Qg5 41. Kg2 Rab8 42. Rxa6 Rb4 43. Ra7 Be8 44. Qd3 Kg8 45. R7a3 Rd8 46. Rb3 Rd6 47. Rab1 Rdb6 48. Rxb4 cxb4 49. c5 Bb5 50. Qd2 Rb8 51. Bxb5 Rxb5 52. c6 Rc5 53. d6 Rxc6 54. d7 Kg7 55. d8=Q Rf6 56. Qe2 Qh6 57. Rd1 Re6 58. Nd5 Qg5 59. Qc7 1-0


[Site "https://www.chess.com"]

[Event "Titled Tuesday Blitz November 29 Late 2022"]
[White "Pruess, David"]
[Black "Pace, Christopher"]
[WhiteFideId "2014254"]
[BlackFideId "2610167"]
[WhiteElo "2418"]
[BlackElo "2314"]
[Result "1-0"]
[Round "11"]
[TimeControl "180+1"]
[Date "2022.11.30"]
[WhiteClock "0:00:47"]
[BlackClock "0:00:02"]

1. e4 e5 2. f4 d5 3. exd5 exf4 4. Nf3 Nf6 5. c4 c6 6. d4 cxd5 7. Bxf4 Nc6 8. Nc3 a6 9. c5 Bg4 10. Be2 Be7 11. O-O O-O 12. a3 Ne4 13. Rc1 Nxc3 14. Rxc3 Bxf3 15. Bxf3 Bf6 16. Rd3 Re8 17. Bd6 a5 18. Bxd5 Qd7 19. Rxf6 gxf6 20. Qh5 Re1+ 21. Kf2 Qe8 22. Rh3 1-0


[Site "https://www.chess.com"]

[Event "Titled Tuesday Blitz November 29 Late 2022"]
[White "Putnam, Liam"]
[Black "Adla, Diego"]
[WhiteFideId "30938279"]
[BlackFideId "100072"]
[WhiteElo "2082"]
[BlackElo "2377"]
[Result "1-0"]
[Round "11"]
[TimeControl "180+1"]
[Date "2022.11.30"]
[WhiteClock "0:00:05"]
[BlackClock "0:00:01"]

1. e4 e5 2. Nf3 Nc6 3. Bb5 a6 4. Ba4 Nf6 5. O-O b5 6. Bb3 Bc5 7. c3 d6 8. d4 Bb6 9. a4 Bg4 10. Be3 O-O 11. dxe5 Nxe5 12. Bxb6 cxb6 13. axb5 axb5 14. Na3 Bxf3 15. gxf3 Qd7 16. f4 Qh3 17. f3 Ng6 18. Qd2 Nh4 19. Qf2 Nh5 20. f5 g6 21. Kh1 gxf5 22. Bd5 Rae8 23. Nxb5 Rd8 24. Nd4 Kh8 25. Nxf5 Nxf5 26. exf5 Qxf5 27. Be4 Qf6 28. Qxb6 Rg8 29. Qf2 d5 30. Bc2 d4 31. cxd4 Rxd4 32. Rg1 Rxg1+ 33. Rxg1 Rf4 34. Qe3 Ng7 35. Qd3 Rf5 36. Rxg7 Kxg7 37. Qxf5 Qxb2 38. Qxh7+ Kf8 39. Qh6+ Ke7 40. Qe3+ Kf8 41. Qd2 Qa3 42. Kg2 Qc5 43. Be4 Qh5 44. Qf4 Qc5 45. h4 Qa5 46. Qd6+ Kg7 47. Qg3+ Kf8 48. Qg5 Qa2+ 49. Kg3 Qa1 50. Qd8+ Kg7 51. Qg5+ Kf8 52. Qc5+ Kg7 53. h5 Qe1+ 54. Qf2 Qc1 55. Kh3 Kh6 56. Qg2 Qe1 57. Kg4 Qe3 58. Qg3 Qg5+ 59. Kh3 Qc1 60. Qh2 Qf1+ 61. Qg2 Qc1 62. Bf5 Kxh5 63. Qg4+ Kh6 64. Qh4+ Kg7 65. Qg3+ Kf8 66. Qb8+ Kg7 67. Qe5+ Kf8 68. Qd6+ Kg7 69. Be4 1-0


[Site "https://www.chess.com"]

[Event "Titled Tuesday Blitz November 29 Late 2022"]
[White "Qashashvili, Alexandre"]
[Black "Sariego Figueredo, Wilfredo"]
[WhiteFideId "13600842"]
[BlackFideId "3500080"]
[WhiteElo "2405"]
[BlackElo "2309"]
[Result "1/2-1/2"]
[Round "11"]
[TimeControl "180+1"]
[Date "2022.11.30"]
[WhiteClock "0:00:20"]
[BlackClock "0:01:28"]

1. e4 c5 2. Nc3 a6 3. Nf3 b5 4. d3 e6 5. Be3 d5 6. exd5 exd5 7. d4 c4 8. Be2 Nf6 9. Ne5 Bb4 10. O-O Bxc3 11. bxc3 O-O 12. a4 bxa4 13. Rxa4 Nbd7 14. Bf3 Nxe5 15. dxe5 Ne4 16. Bxe4 dxe4 17. Rxc4 Be6 18. Rxe4 Qxd1 19. Rxd1 Bf5 20. Rf4 Bxc2 21. Rd7 Rad8 22. Rxd8 Rxd8 23. Bd4 Rb8 24. h3 a5 25. Be3 a4 26. e6 fxe6 27. Bc5 Rc8 28. Bb4 g6 29. Rd4 Bb3 30. Rd7 Ra8 31. Ba3 Rc8 32. Bb4 Ra8 33. Ba3 Rc8 34. Bb2 Ra8 35. Ba3 1/2-1/2


[Site "https://www.chess.com"]

[Event "Titled Tuesday Blitz November 29 Late 2022"]
[White "Quinones Garcia, Santiago"]
[Black "Sztokbant, Bernardo Vainzoff"]
[WhiteFideId "4408497"]
[BlackFideId "2115956"]
[WhiteElo "2249"]
[BlackElo "2228"]
[Result "1-0"]
[Round "11"]
[TimeControl "180+1"]
[Date "2022.11.30"]
[WhiteClock "0:00:11"]
[BlackClock "0:00:08"]

1. e4 e5 2. Nf3 Nc6 3. Bb5 Nf6 4. O-O Nxe4 5. d4 Nd6 6. Bxc6 dxc6 7. dxe5 Nf5 8. Qxd8+ Kxd8 9. Rd1+ Ke8 10. Bf4 Be7 11. Nc3 h6 12. Ne4 Be6 13. b3 Rd8 14. c4 b6 15. g4 Nh4 16. Nxh4 Bxh4 17. h3 Be7 18. Ng3 g6 19. Kg2 Bc5 20. Ne4 Bd4 21. Rac1 c5 22. Rd3 Kf8 23. Rcd1 Kg7 24. Be3 Rd7 25. Nf6 Rdd8 26. Bxd4 cxd4 27. Rxd4 Rxd4 28. Rxd4 g5 29. Kg3 a5 30. f4 gxf4+ 31. Kxf4 a4 32. Nd5 Rd8 33. Ke4 axb3 34. axb3 Rc8 35. Nf4 Ra8 36. Nxe6+ fxe6 37. Rd7+ Kg6 38. h4 Ra3 39. h5+ Kg5 40. Rg7+ Kh4 41. g5 Kxh5 42. gxh6 Kxh6 43. Rxc7 Rxb3 44. Rc6 Kg5 45. Rxe6 Rb4 46. Kd5 Kf5 47. Rf6+ Kg5 48. Rf8 Kg6 49. e6 Rb2 50. e7 Rd2+ 51. Kc6 Kg7 52. e8=Q 1-0


[Site "https://www.chess.com"]

[Event "Titled Tuesday Blitz November 29 Late 2022"]
[White "Radovanovic, Dusan"]
[Black "Mohammed, Zozek Salah Mohammed"]
[WhiteFideId "926868"]
[BlackFideId "4803361"]
[WhiteElo "2341"]
[BlackElo "2199"]
[Result "1-0"]
[Round "11"]
[TimeControl "180+1"]
[Date "2022.11.30"]
[WhiteClock "0:01:46"]
[BlackClock "0:01:49"]

1. e4 c5 2. Nf3 d6 3. d4 cxd4 4. Nxd4 Nf6 5. Nc3 a6 6. Rg1 e5 7. Nb3 Be7 8. g4 h6 9. Be3 Be6 10. Qf3 Nc6 11. O-O-O Qc7 12. Kb1 b5 13. h4 b4 14. Nd5 Bxd5 15. exd5 Na5 16. g5 hxg5 17. hxg5 Nd7 18. g6 f6 19. Nxa5 Qxa5 20. Bc4 Nc5 21. Rh1 Kd7 22. Rh7 Rhg8 23. Bd3 Nxd3 24. Rxd3 Qb5 25. Qf5+ Kc7 26. Qe6 Qd7 27. Bb6+ Kc8 28. Qxg8+ Kb7 29. Qxg7 1-0


[Site "https://www.chess.com"]